 Dungeon Crawl Stone Soup version 0.29.1-12-g30fa7ad0bf (webtiles) character file.

Game seed: 6391579185351617054

5882 wormed the Cleaver (level 10, 0/91 HPs)
             Began as a Minotaur Berserker on Dec 20, 2022.
             Was an Elder of Trog.
             Slain by a fire elemental (7 damage)
             ... summoned by a deep elf pyromancer
             ... on level 8 of the Dungeon.
             The game lasted 00:21:35 (8560 turns).

wormed the Cleaver (Minotaur Berserker)             Turns: 8560, Time: 00:21:35

Health: 0/91       AC: 27    Str: 26    XL:     10   Next: 52%
Magic:  9/9        EV:  9    Int:  4    God:    Trog [****..]
Gold:   407        SH:  0    Dex: 10    Spells: 9/9 levels left

rFire   . . .      SeeInvis .   B - +1 war axe
rCold   . . .      Faith    .   (no shield)
rNeg    . . .      Spirit   .   v - +0 plate armour
rPois   .          Reflect  .   z - +1 hat
rElec   .          Harm     .   k - +2 cloak
rCorr   .          Rampage  .   A - +0 pair of gloves
Will    +....                   (no boots)
Stlth   ..........              (no amulet)
HPRegen 0.25/turn               h - +4 ring of protection
MPRegen 0.11/turn               x - +4 ring of protection

@: on berserk cooldown, slowed, very slow
A: horns 2, retaliatory headbutt, strong-willed 1, sense surroundings 1, sturdy
frame 1
a: Renounce Religion, Berserk, Trog's Hand, Brothers in Arms


You were on level 8 of the Dungeon.
You worshipped Trog.
Trog was greatly pleased with you.
You visited 1 branch of the dungeon, and saw 8 of its levels.

You collected 407 gold pieces.

Inventory:

Hand Weapons
 B - a +1 war axe (weapon)
Missiles
 m - 2 throwing nets (quivered)
Armour
 k - a +2 cloak (worn)
 v - a +0 plate armour (worn)
 w - the +2 leather armour "Uzipecs" {+Inv Str+4}
   (You found it on level 6 of the Dungeon)

   Str:       It affects your strength (+4).
   +Inv:      It lets you turn invisible.
 z - a +1 hat (worn)
 A - a +0 pair of gloves (worn)
Jewellery
 f - a ring of resist corrosion
 h - a +4 ring of protection (left hand)
 n - a ring of see invisible
 o - a ring of poison resistance
 s - a ring of magical power
 t - an amulet of magic regeneration
 x - a +4 ring of protection (right hand)
Wands
 a - a wand of roots (8)
 p - a wand of paralysis (27)
Scrolls
 d - 6 scrolls of teleportation
 e - 2 scrolls of magic mapping
 l - 5 scrolls of amnesia
 y - a scroll of noise {unknown}
 D - 3 scrolls of identify
Potions
 b - 3 potions of flight
 c - 3 potions of might
 g - a potion of degeneration
 i - 2 potions of curing
 j - a potion of cancellation
 q - 2 potions of heal wounds
 r - a potion of invisibility
 u - a potion of berserk rage
 C - 2 potions of lignification {unknown}


   Skills:
 + Level 9.3 Fighting
 * Level 12.5 Axes
 + Level 8.8 Armour
 - Level 2.1 Dodging
 + Level 8.4 Shields


You had 9 spell levels left.
You didn't know any spells.
Your spell library was empty.

Dungeon Overview and Level Annotations

Branches:
Dungeon (8/15)             Temple (0/1) D:4
   Lair: D:8-11

Altars:
Dithmenos
Hepliaklqana
Kikubaaqudgha
Qazlal
Sif Muna
Wu Jian
Xom
Yredelemnul
Zin

Shops:
D:4 (

Annotations:
D:8 1 transporter


Innate Abilities, Weirdness & Mutations

You have a pair of horns on your head.
You reflexively headbutt those who attack you in melee.
You are strong-willed. (Will+)
You passively map a small area around you.
Your movements are slightly less encumbered by armour. (ER -2)


Message History

The death knight is severely wounded.
You hack one of the 13-headed hydra's heads off!
The 12-headed hydra grows two more!
You slice the 14-headed hydra!!
You closely miss the deep elf pyromancer.
The 14-headed hydra bites you but does no damage.
The 14-headed hydra closely misses you.
The 14-headed hydra bites you but does no damage. x6
The 14-headed hydra misses you.
The 14-headed hydra bites you but does no damage.
The 14-headed hydra bites you.
The 14-headed hydra bites you but does no damage. x3
Press: ? - help, v - describe, . - travel A transporter.
You are too berserk!
Press: ? - help, v - describe, . - travel, g - get item Item here: a small ivory ring.
The floor.
The deep elf pyromancer barely misses you.
The fire elemental hits you. The fire elemental burns you!
You feel a strong urge to attack something.
You are no longer berserk.
You are exhausted.
You feel yourself slow down.
The death knight offers itself to Yredelemnul, and fills with unholy energy.
The fire elemental barely misses you.
The deep elf pyromancer attacks as you move away!
The deep elf pyromancer hits you but does no damage.
The fire elemental completely misses you. x2
You furiously retaliate!
You headbutt the fire elemental!
The fire elemental hits you. x2; The fire elemental burns you!
The deep elf pyromancer mumbles some strange words.
The deep elf pyromancer blinks!
The fire elemental hits you. The fire elemental burns you!
The fire elemental hits you. The fire elemental burns you!
The death knight attacks as you move away!
The death knight hits you with a +0 morningstar!!
* * * LOW HITPOINT WARNING * * *
The 14-headed hydra is engulfed in blazing flames.
The fire elemental hits you. The fire elemental burns you!
You die...

##.....©.....#..##..##.
#[.#########....##..##.
#.##8.....8##....#...#.
#.#....(....#....#...#. #
#.#....©....#.####..### ####
#.#...○.....#.######### ...##
#.#.p○D..e..#..'.....'# ≈≈≈≈#
#.#..EE.....#..#...#### ###≈##
#.#...@.....#..#....'.# '_'..#
#.#..$$=$$$.#.##....#.# ###≈.#
#.##8)}©|!8##.##..###.. ≈≈≈≈.#
#..#########........##. .....#
##.....©............##_ .....#
#####...##..........## (.#.#####
#####..###...###.###.#
###.###.####..##.####...###.###.#
#..................#)...........


You could see a death knight (reflects damage), a 14-headed hydra, a deep elf
pyromancer and 2 fire elementals.

Vanquished Creatures
  The ghost of safid the Skirmisher, a novice MiHu (D:7)
  An ugly thing (D:8)
  A cyclops (D:8)
  Joseph (D:7)
  Psyche (D:8)
  2 vampires (D:7)
  A wyvern (D:7)
  2 steam dragons (D:8)
  Menkaure (D:5)
  An ice beast (D:5)
  An orc warrior (D:6)
  3 sky beasts
  4 ogres
  2 kobold brigands
  3 bullfrogs
  2 scorpions
  12 wights
  12 killer bees (D:8)
  7 orc priests
  5 hounds
  4 jellies
  6 iguanas
  3 orc wizards
  5 gnolls
  6 adders
  A shadow imp (D:5)
  An ufetubus (D:6)
  A worm (shapeshifter) (D:8)
  16 orcs
  7 ball pythons
  5 endoplasms
  2 giant cockroaches
  6 goblins
  5 hobgoblins
  2 jackals (D:1)
  3 quokkas
  5 bats
  4 frilled lizards
  17 kobolds
  2 rats (D:3)
164 creatures vanquished.

Vanquished Creatures (others)
  A plant (D:2)
1 creature vanquished.

Grand Total: 165 creatures vanquished

Notes
Turn   | Place    | Note
-------+----------+-------------------------------------------
     0 | D:1      | wormed the Minotaur Berserker began the quest for the Orb.
     0 | D:1      | Reached XP level 1. HP: 19/19 MP: 0/0
   298 | D:1      | Reached XP level 2. HP: 24/27 MP: 1/1
   337 | D:1      | Reached skill level 4 in Axes
   345 | D:1      | Reached skill level 1 in Shields
   772 | D:1      | Reached XP level 3. HP: 33/33 MP: 2/2
  1445 | D:2      | Found a faded altar of an unknown god.
  1445 | D:2      | Noticed a great orb of eyes
  1447 | D:2      | Noticed a floating eye
  1448 | D:2      | Noticed a great orb of eyes
  1448 | D:2      | Noticed a floating eye
  1822 | D:3      | Reached ** piety under Trog
  1823 | D:3      | Reached XP level 4. HP: 35/40 MP: 3/3
  1834 | D:3      | Reached skill level 5 in Axes
  2237 | D:3      | Reached XP level 5. HP: 43/47 MP: 4/4
  2267 | D:3      | Found an ornate altar of the Wu Jian Council.
  2653 | D:4      | Noticed an ogre
  2661 | D:4      | Killed an ogre
  2773 | D:4      | Reached XP level 6. HP: 54/55 MP: 5/5
  2776 | D:4      | Reached skill level 5 in Fighting
  2776 | D:4      | Reached skill level 6 in Axes
  2797 | D:4      | Reached XP level 7. HP: 23/61 MP: 6/6
  3092 | D:4      | Found a staircase to the Ecumenical Temple.
  3100 | D:4      | Reached skill level 7 in Axes
  3112 | D:4      | Found Opnof's Weapon Shoppe.
  3192 | D:4      | Identified the +10 dagger of Ziseili {drain, *Rage Str+7
                  | Int+2}
  3208 | D:4      | Found a basalt altar of Yredelemnul.
  3660 | D:5      | Entered Level 5 of the Dungeon
  3812 | D:5      | Reached skill level 5 in Armour
  4388 | D:5      | Reached XP level 8. HP: 44/70 MP: 7/7
  4561 | D:5      | Found a shadowy altar of Dithmenos.
  4674 | D:5      | Noticed Menkaure
  4682 | D:5      | Reached skill level 8 in Axes
  4683 | D:5      | Killed Menkaure
  4684 | D:5      | Reached skill level 5 in Shields
  5482 | D:6      | Identified the +2 leather armour "Uzipecs" {+Inv Str+4}
  5664 | D:6      | Found a shimmering blue altar of Sif Muna.
  5718 | D:6      | Identified the +3 trident of Floods {flame, rF+ Int+4}
  5911 | D:6      | Found a glowing silver altar of Zin.
  5986 | D:6      | Reached skill level 9 in Axes
  6100 | D:6      | Paralysed by an orc for 4 turns
  6613 | D:6      | Gained mutation: Your movements are slightly less
                  | encumbered by armour. (ER -2) [potion of mutation]
  6613 | D:6      | Gained mutation: You are strong-willed. (Will+) [potion of
                  | mutation]
  6613 | D:6      | Gained mutation: You passively map a small area around you.
                  | [potion of mutation]
  6636 | D:7      | Reached *** piety under Trog
  6795 | D:7      | Found an ancient bone altar of Kikubaaqudgha.
  7061 | D:7      | Reached XP level 9. HP: 79/79 MP: 8/8
  7078 | D:7      | Noticed Joseph
  7090 | D:7      | Killed Joseph
  7091 | D:7      | Reached skill level 10 in Axes
  7171 | D:7      | Found a transporter.
  7173 | D:7      | Noticed safid's ghost (novice MiHu)
  7239 | D:7      | Found a transporter.
  7539 | D:7      | Killed safid's ghost
  7540 | D:7      | Reached skill level 11 in Axes
  7715 | D:8      | Reached XP level 10. HP: 90/90 MP: 9/9
  7884 | D:8      | Reached **** piety under Trog
  7900 | D:8      | Found a transporter.
  7900 | D:8      | Noticed a green ugly thing
  7904 | D:8      | Noticed a cyclops
  7904 | D:8      | Noticed a seven-headed hydra
  7906 | D:8      | Noticed a deep elf pyromancer
  7908 | D:8      | Noticed a death knight
  7916 | D:8      | Noticed a harpy
  7916 | D:8      | a black bear changed into a harpy
  7970 | D:8      | Found a stormy altar of Qazlal.
  8006 | D:8      | Noticed Psyche
  8021 | D:8      | Killed Psyche
  8182 | D:8      | Found a shimmering altar of Xom.
  8185 | D:8      | Found a hazy altar of Hepliaklqana.
  8204 | D:8      | Noticed a salamander
  8206 | D:8      | Found a transporter.
  8229 | D:8      | Reached skill level 12 in Axes
  8546 | D:8      | Killed a green ugly thing
  8554 | D:8      | Killed a cyclops
  8560 | D:8      | Slain by a fire elemental

Illustrated notes

Levels and vault maps discovered:
D:1:      shiori_arrival_oz, layout_basic, amcnicky_mini_rare_corridor_liquid,
          corexii_leaking_fountain
D:2:      layout_rooms, hellmonk_ecumenical_altar_watching_god,
          serial_bayou_crossing
D:3:      layout_basic, mainiacjoe_overflow_alcove_4
D:4:      layout_basic, mainiacjoe_overflow_six_doors_small,
          minmay_temple_entry_statues, serial_shops, nicolae_shop_trees
D:5:      layout_gridville, lemuel_round_altar, serial_glass, glass_columns_c,
          glass_columns_b, glass_columns_a, glass_columns_a, glass_columns_a,
          glass_columns_b, glass_columns_a, glass_columns_c, uniq_menkaure
D:6:      layout_loops_cross, lemuel_round_altar,
          mainiacjoe_overflow_surrounded_room
D:7:      layout_gridville, nicolae_kikubaaqudgha_miasma_corner,
          gammafunk_ghost_arena, grunt_decor_one_mirror, uniq_joseph
D:8:      gammafunk_sealed_arena, layout_gridville, kennysheep_mini_moat,
          regret_index_temple_of_mockery, uniq_psyche

Skill      XL: |  1  2  3  4  5  6  7  8  9 10 |
---------------+-------------------------------+-----
Axes           | 4 5 6 7 9 11 12 | 12.5
Shields        | 1 2 3 4 6 7 8 |  8.4
Fighting       | 4 5 6 7 8 9 |  9.3
Armour         | 3 4 5 6 8 |  8.8
Dodging        | |  2.1

Action                   |  1- 3 |  4- 6 |  7- 9 | 10-12 || total
-------------------------+-------+-------+-------+-------++-------
Melee: Hand axe          |    85 |    60 |   169 |       ||   314
       Headbutt          |    11 |     8 |    37 |    12 ||    68
       Punch             |       |       |     2 |     2 ||     4
       War axe           |       |       |    71 |    95 ||   166
Invok: Berserk           |       |     3 |     4 |     1 ||     8
  Use: Scroll            |     6 |     1 |    14 |       ||    21
       Potion            |       |       |     3 |       ||     3
Armor: Animal skin       |    33 |       |       |       ||    33
       Ring mail         |     9 |    19 |    13 |       ||    41
       Plate armour      |       |       |   139 |   129 ||   268
Dodge: Dodged            |    61 |    38 |    92 |    61 ||   252
